 Dungeon Crawl Stone Soup version 0.30.1-9-gdf580d7c3d (webtiles) character file.

Game seed: 1386460855300455330

62 Psyclone the Conjurer (level 3, 19/19 HPs)
             Began as a Deep Elf Conjurer on Sept 28, 2023.
             Quit the game on level 2 of the Dungeon.
             The game lasted 00:03:11 (2359 turns).

Psyclone the Conjurer (Deep Elf Conjurer)           Turns: 2359, Time: 00:03:12

Health: 19/19      AC:  2    Str:  1 (4)  XL:     3   Next: 85%
Magic:  10/10      EV: 12    Int: 22 (24) God:
Gold:   130        SH:  0    Dex: 10 (13) Spells: 9/10 levels left

rFire   + . .        (no weapon)
rCold   + . .        (no shield)
rNeg    . . .        a - +0 robe
rPois   +            (no helmet)
rElec   +            (no cloak)
rCorr   +            (no gloves)
SInv    .            (no boots)
Will    .....        (no amulet)
Stlth   +            (no ring)
HPRegen 0.23/turn    (no ring)
MPRegen 0.12/turn

%: no passive effects
@: confused, mighty, resistant (expiring), ambrosia-drunk, on berserk cooldown
A: no striking features
a: no special abilities


You were on level 2 of the Dungeon.
You visited 1 branch of the dungeon, and saw 2 of its levels.

You collected 130 gold pieces.

Inventory:

Armour
 a - a +0 robe (worn)
Scrolls
 l - a scroll of identify {@r1}
Potions
 b - 2 potions of magic
 g - 2 potions of resistance
 m - a potion of berserk rage


   Skills:
 - Level 3.0 Dodging
 - Level 3.1 Stealth
 + Level 4.1 Spellcasting
 + Level 5.0 Conjurations


You had 9 spell levels left.
You knew the following spells:

 Your Spells              Type           Power      Damage    Failure   Level
a - Magic Dart            Conj           100%       1d8       1%          1

Your spell library contained the following spells:

 Spells                   Type           Power      Damage    Failure   Level
 Searing Ray              Conj           52%        2d6       1%          2
 Dazzling Flash           Conj/Hex       30%        N/A       12%         3
 Fulminant Prism          Conj/Hex       7%         3d7       36%         4
 Iskenderun's Mystic Bla  Conj/Tloc      15%        2d5       36%         4


Dungeon Overview and Level Annotations

Branches:
Dungeon (2/15) Zot: 9632

Altars:

Shops:
D:1 [


Message History

[Y]es or [N]o only, please.
Really read the scroll of noise?
As you read the scroll of noise, it crumbles to dust.
You hear a loud clanging noise!
As you read the scroll labelled UGYBIA LOMPUQU, it crumbles to dust.
The air around you briefly surges with heat, but it dissipates.
It was a scroll of immolation.
As you read the scroll labelled GEILIG JINWO, it crumbles to dust.
It is a scroll of identify.
c - a potion of might Your magic is already full.
Your magic is already full.
You feel very mighty all of a sudden.
It was a potion of curing.
You feel better.
Health restored: 19 It was a potion of resistance.
You feel protected.
It was a potion of heal wounds.
You feel much better.
It was a potion of berserk rage.
A red film seems to cover your vision as you go berserk!
You feel yourself moving faster!
You feel mighty!
You now have 28/28 hp.
You are too berserk!
You feel a strong urge to attack something.
You start waiting.
You feel your anger nearly subside.
You are no longer berserk.
You are exhausted.
You feel yourself slow down.
You now have 19/19 hp.
You start waiting.
You start to feel less resistant.
You start waiting.
You feel yourself speed up.
It was a potion of ambrosia.
You are confused.
You feel invigorated.
It was a potion of degeneration.
There was something very wrong with that liquid.
You feel weakened.
You feel dopey.
You feel clumsy.
Are you sure you want to abandon this character and quit the game? (Confirm with "yes".)

#.......#
####.#### # #.#
######### #.##
........# #..#
##).....# ###.#
........#
##...##
##......#
#.###.#
##......# #.#
#@# ...######
#.###.# ####
##...## #######
##.## #<....#
#.# ####†....#
#.#
.......#.#####.#
.###...........#
...#.....#######


There were no monsters in sight!

Vanquished Creatures
  An adder (D:2)
  A dart slug (D:1)
  2 ball pythons
  8 bats
  2 endoplasms (D:2)
  5 giant cockroaches
  A goblin (D:2)
  3 hobgoblins (D:1)
  3 jackals (D:1)
  7 kobolds
  4 quokkas
  3 frilled lizards (D:1)
  5 rats
45 creatures vanquished.

Notes
Turn   | Place    | Note
-------+----------+-------------------------------------------
     0 | D:1      | Psyclone the Deep Elf Conjurer began the quest for the Orb.
     0 | D:1      | Reached XP level 1. HP: 10/10 MP: 6/6
   286 | D:1      | Found a faded altar of an unknown god.
   387 | D:1      | Reached XP level 2. HP: 15/15 MP: 4/8
   613 | D:1      | Found Xustra Izachu's Antique Armour Shoppe.
   614 | D:1      | You fall into a shaft and drop 1 floor!
  1161 | D:1      | Reached XP level 3. HP: 19/19 MP: 7/10
  2160 | D:2      | Reached skill level 5 in Conjurations
  2359 | D:2      | Quit the game

Illustrated notes

Levels and vault maps discovered:
D:1:      saegor_arrival_simple_d, layout_basic,
          chequers_ecumenical_altar_lobes, serial_shops,
          nicolae_shop_temple_entry_statues_fountains
D:2:      layout_loops_cross, amethyst_killhole, minmay_misc_feat_ornament,
          st_stairs_7, minmay_misc_feat_pillars

Skill      XL: |  1  2  3 |
---------------+----------+-----
Stealth        | 3 |  3.1
Dodging        | 3 |  3.0
Spellcasting   | 4 |  4.1
Conjurations   | 5 |  5.0

Action                     || total
---------------------------++-------
   Cast: Magic Dart        ||    88
    Use: Scroll            ||     8
         Potion            ||     8
  Dodge: Dodged            ||     7
